 Dungeon Crawl Stone Soup version 0.25.1-8-g42b30a86e7 (webtiles) character file.

Game seed: 2668978287761379958

29 Clowwww the Skirmisher (level 3, 25/29 HPs)
             Began as a Demonspawn Fighter on Dec 9, 2020.
             Quit the game on level 1 of the Dungeon.
             The game lasted 00:01:18 (603 turns).

Clowwww the Skirmisher (Demonspawn Fighter)          Turns: 603, Time: 00:01:19

Health: 25/29      AC:  9    Str: 17    XL:     3   Next: 1%
Magic:  3/3        EV:  9    Int:  9    God:
Gold:   23         SH:  9    Dex: 12    Spells: 2/2 levels left

rFire    . . .     SeeInvis .   a - +0 war axe
rCold    . . .     Gourm    .   c - +0 kite shield
rNeg     . . .     Faith    .   b - +0 scale mail
rPois    .         Spirit   .   (no helmet)
rElec    .         Reflect  .   h - +0 cloak
rCorr    .         Harm     .   (no gloves)
MR       .....                  e - +0 pair of boots
Stlth    ..........             (no amulet)
HPRegen  0.09/turn              (no ring)
MPRegen  0.08/turn              (no ring)

@: no status effects
A: hooves 1, repulsion field 1
a: no special abilities


You were on level 1 of the Dungeon.
You were not hungry.

You visited 1 branch of the dungeon, and saw 1 of its levels.

You collected 23 gold pieces.

Inventory:

Hand Weapons
 a - a +0 war axe (weapon)
Armour
 b - a +0 scale mail (worn)
 c - a +0 kite shield (worn)
 e - a +0 pair of boots (worn)
 h - a +0 cloak (worn)
Scrolls
 i - a scroll of magic mapping {unknown}
 j - a scroll of noise {unknown}
Potions
 d - a potion of might
 k - a potion of stabbing {unknown}
Comestibles
 f - 3 rations
 g - 3 chunks of flesh


   Skills:
 + Level 3.2 Fighting
 + Level 2.2 Axes
 + Level 3.0 Armour
 + Level 3.0 Shields


You had 2 spell levels left.
You didn't know any spells.
Your spell library was empty.

Dungeon Overview and Level Annotations

Branches:
Dungeon (1/15)

Altars:


Innate Abilities, Weirdness & Mutations

You have large cloven feet.
You are surrounded by a mild repulsion field. (EV +2)


Message History

The kobold is heavily wounded.
You block the kobold's attack.
You closely miss the kobold.
The kobold is heavily wounded.
You block the kobold's attack. x2
You hit the kobold.
You kill the kobold!
A goblin comes into view.
It is wielding a +2 short sword of distortion.
A kobold comes into view.
You hit the goblin.
The goblin is almost dead.
The goblin closely misses you.
You hit the goblin.
You kill the goblin!
You have reached level 3!
Your experience leads to an increase in your attributes!
Increase (S)trength, (I)ntelligence, or (D)exterity?
You feel stronger.
Your demonic ancestry asserts itself...
Your feet thicken and deform.
Are you sure you want to abandon this character and quit the game? (Confirm with "yes".)

..[# ♣♣.#### ....
......# .#.
.####.# ... .#
#.# .K .## #.# .#
..# #.# ###.####
♣.♣##.# #.)....#
♣.P♣#.# #.@.# .#
♣.P♣♣♣# #..###.#
P..♣♣.♣ #.($...#
....P♣♣
########.)...####
♣..P..♣
................+
♣.♣P.P♣
#####..##...####
#♣♣P.P♣ ##.##..##
♣♣♣♣♣ #...####
♣♣♣ #...#


You could see a kobold.

Vanquished Creatures
  An ooze (D:1)
  A dart slug (D:1)
  A leopard gecko (D:1)
  A ball python (D:1)
  4 goblins (D:1)
  8 hobgoblins (D:1)
  A kobold (D:1)
  A bat (D:1)
18 creatures vanquished.

Notes
Turn   | Place    | Note
-------+----------+-------------------------------------------
     0 | D:1      | Clowwww the Demonspawn Fighter began the quest for the Orb.
     0 | D:1      | Reached XP level 1. HP: 18/18 MP: 1/1
    32 | D:1      | Gained mutation: You are surrounded by a mild repulsion
                  | field. (EV +2) [demonic ancestry]
    32 | D:1      | Reached XP level 2. HP: 5/24 MP: 2/2
   602 | D:1      | Gained mutation: You have large cloven feet. [demonic
                  | ancestry]
   602 | D:1      | Reached XP level 3. HP: 25/29 MP: 3/3
   603 | D:1      | Quit the game

Illustrated notes

Levels and vault maps discovered:
D:1:      enne_arrival_octagon_isle, layout_loops_corners, serial_forest,
          infiniplex_forest_clump_diagonal, infiniplex_forest_straight_3,
          infiniplex_forest_end_3, infiniplex_forest_diagonal,
          infiniplex_forest_lined_2, infiniplex_forest_straight_2,
          infiniplex_forest_end_3, infiniplex_forest_clump_medium,
          eino_curves_02

Skill      XL: |  1  2 |
---------------+-------+-----
Shields        | 3 |  3.0
Axes           | 2 |  2.2
Armour         | 3 |  3.0
Fighting       | |  3.2

Action                   || total
-------------------------++-------
Melee: War axe           ||    40
Armor: Scale mail        ||    23
Dodge: Dodged            ||    11
Block: Kite shield       ||    19
